 Dungeon Crawl Stone Soup version 0.26-a0-58-g79b31b8662 (webtiles) character file.

Game seed: 2826604911970591599

33501 Gwenloh the Arsonist (level 13, -7/98 HPs)
             Began as a Mummy Fire Elementalist on June 5, 2020.
             Was a High Priest of Vehumet.
             Killed from afar by a rime drake (8 damage)
             ... with a flash freeze
             ... on level 6 of the Lair of Beasts on June 8, 2020.
             The game lasted 02:18:56 (20052 turns).

Gwenloh the Arsonist (Mummy Fire Elementalist)     Turns: 20052, Time: 02:18:58

Health: -7/98      AC: 13    Str: 13    XL:     13   Next: 37%
Magic:  27/27      EV: 13    Int: 24    God:    Vehumet [*****.]
Gold:   975        SH:  5    Dex: 12    Spells: 6/32 levels left

rFire    + . .     SeeInvis .   a - staff of fire
rCold    . . .     Gourm    .   u - +2 buckler
rNeg     + + +     Faith    .   q - +3 leather armour of the Miller {Slay+2}
rPois    ∞         Spirit   .   p - +2 helmet
rElec    .         Reflect  .   C - +0 cloak {MR+}
rCorr    .         Harm     .   E - +1 pair of gloves
MR       ++...                  (no boots)
Stlth    +.........             n - amulet of regeneration
HPRegen  0.66/turn              I - +6 ring of intelligence
MPRegen  0.20/turn              l - ring of fire

@: no status effects
A: no food or potions, fire vulnerability, cold resistance 1, negative energy
resistance 3, torment resistance, unbreathing, in touch with death 1
a: Renounce Religion


You were on level 6 of the Lair of Beasts.
You worshipped Vehumet.
Vehumet was extremely pleased with you.
You were not hungry.

You visited 2 branches of the dungeon, and saw 16 of its levels.

You collected 975 gold pieces.

Inventory:

Hand Weapons
 t - the +9 trident of the Solstice {freeze, rElec rF+ MP+9 Stlth+}
   (You found it on level 6 of the Dungeon)

   It has been specially enchanted to freeze those struck by it, causing extra
   injury to most foes and up to half again as much damage against particularly
   susceptible opponents.
   It can also slow down cold-blooded creatures.
   It protects you from fire.
   It insulates you from electricity.
   It affects your magic capacity (+9).
   It makes you more stealthy.
Missiles
 i - 5 throwing nets (quivered)
Armour
 p - a +2 helmet (worn)
 q - the +3 leather armour of the Miller (worn) {Slay+2}
   (You found it on level 10 of the Dungeon)

   It affects your accuracy and damage with ranged weapons and melee attacks
   (+2).
 r - +1 acid dragon scales
 u - a +2 buckler (worn)
 C - a +0 cloak of magic resistance (worn)
 E - a +1 pair of gloves (worn)
Magical Staves
 a - an uncursed staff of fire (weapon)
 G - an uncursed staff of cold {unknown}
Jewellery
 k - an uncursed ring of resist corrosion
 l - a ring of fire (right hand)
 n - an amulet of regeneration (around neck)
 o - a +6 ring of dexterity
 z - an uncursed ring of see invisible
 H - an uncursed ring of protection from cold
 I - a +6 ring of intelligence (left hand)
Wands
 m - a wand of acid (10)
 v - a wand of paralysis (25)
 w - a wand of random effects (31)
 x - a wand of flame (28)
 J - a wand of disintegration (14)
 K - a wand of iceblast (21)
Scrolls
 b - 11 scrolls of teleportation
 d - 3 scrolls of amnesia
 e - 2 scrolls of enchant weapon
 f - 8 scrolls of remove curse
 g - a scroll of noise
 h - 4 scrolls of fog
 s - 2 scrolls of fear
 y - 2 scrolls of magic mapping
 A - a scroll of immolation
 B - 2 scrolls of torment
 F - a scroll of vulnerability {unknown}
Miscellaneous
 c - a lightning rod (4/4)


   Skills:
 + Level 8.3 Fighting
 + Level 4.8 Armour
 - Level 5.0 Dodging
 - Level 1.5 Stealth
 + Level 10.3 Spellcasting
 * Level 10.1 Conjurations
 * Level 10.3 Fire Magic
 + Level 6.0 Evocations


You had 6 spell levels left.
You knew the following spells:

 Your Spells              Type           Power        Failure   Level  Hunger
a - Foxfire               Conj/Fire      ####         1%          1    N/A
b - Conjure Flame         Conj/Fire      #######.     1%          3    N/A
c - Inner Flame           Hex/Fire       ######..     1%          3    N/A
d - Sticky Flame          Conj/Fire      #######.     1%          4    N/A
e - Magic Dart            Conj           ####         1%          1    N/A
f - Mephitic Cloud        Conj/Pois/Air  ####....     2%          3    N/A
g - Fireball              Conj/Fire      #######...   1%          5    N/A
h - Starburst             Conj/Fire      #######...   7%          6    N/A

Your spell library contained the following spells:

 Spells                   Type           Power        Failure   Level  Hunger
 Hailstorm                Conj/Ice       #####...     3%          4    N/A
 Bolt of Magma            Conj/Fire/Erth #######...   4%          5    N/A
 Iskenderun's Battlesphe  Conj/Chrm      #####...     10%         5    N/A
 Infusion                 Chrm           ##..         11%         1    N/A
 Blink                    Tloc           N/A          16%         2    N/A
 Call Imp                 Summ           ##......     16%         2    N/A
 Shroud of Golubria       Chrm/Tloc      ##....       16%         2    N/A
 Slow                     Hex            ##......     16%         2    N/A
 Song of Slaying          Chrm           ##......     16%         2    N/A
 Ozocubu's Armour         Chrm/Ice       ##......     32%         3    N/A
 Spectral Weapon          Hex/Chrm       ##......     32%         3    N/A
 Iron Shot                Conj/Erth      #####.....   43%         6    N/A
 Yara's Violent Unravell  Hex/Tmut       ##........   56%         5    N/A
 Cause Fear               Hex            ##........   71%         4    N/A
 Silence                  Hex/Air        ##........   96%         5    N/A
 Orb of Destruction       Conj           ######....   32%         7    N/A
 Spellforged Servitor     Conj/Summ      #####.....   92%         7    N/A
 Discord                  Hex            ##........   100%        8    N/A

Dungeon Overview and Level Annotations

Branches:
Dungeon (10/15)            Temple (0/1) D:4            Lair (6/6) D:10
 Shoals (0/4) Lair:4        Snake (0/4) Lair:4        Slime (0/5) Lair:5
    Orc (0/2) D:9

Altars:
Elyvilon
Gozag
Hepliaklqana
Kikubaaqudgha
Okawaru
Qazlal
Sif Muna
Trog
Uskayaw
Vehumet
Wu Jian
Xom
Yredelemnul
Zin

Shops:
D:5 :   D:9 !

Annotations:
Lair:3 1 runed translucent door


Innate Abilities, Weirdness & Mutations

You do not eat or drink.
Your flesh is vulnerable to fire.
You are immune to poison.
Your flesh is cold resistant. (rC+)
You are immune to negative energy. (rN+++)
You are immune to unholy pain and torment.
You can survive without breathing.
You are in touch with the powers of death.


Message History

You swap places.
The black mamba bites your yak.
The six-headed hydra bites something! x2
The six-headed hydra bites something but does no damage.
The six-headed hydra bites something.
The black mamba bites your yak.
Your yak barely misses the black mamba.
The six-headed hydra roars!
You hit the spiny frog. You burn the spiny frog.
The spiny frog is severely wounded.
The spiny frog misses you. The black mamba bites your yak.
Your yak gores the black mamba!
The rime drake bites you.
* * * LOW HITPOINT WARNING * * *
The spiny frog stings you but does no damage.
The ice encasing you melts away. The black mamba barely misses your yak.
The black mamba bites your yak.
Your yak gores the black mamba.
The spiny frog stings you!
* * * LOW HITPOINT WARNING * * *
The black mamba bites your yak! The rime drake breathes ice at you.
The flash freeze hits you!
You die...

..............)...!......
..........................
.................... .....
.........♣...♣..#...
........♣.P..P♣.P...
.........P♣.♣P......
#..........D....P##.
.P<.....YP♣F♣...P#
........♣.Pk@.♣....
.........♣YY.♣...#PP
.........YS......PPP
..................P.
..............P...P.
....................
....#...###.....#.#P
#.###.#.# ###.#.### .###
####


You could see a six-headed hydra, a black mamba, 2 yaks, a spiny frog (very
poisoned), a rime drake (poisoned, catching breath) and 2 friendly yaks.

Vanquished Creatures
  3 hydras
  Harold (Lair:1)
  A catoblepas (Lair:5)
  A two-headed ogre (D:10)
  A death yak (Lair:3)
  2 wizards (D:10)
  4 large abominations
  10 elephants
  3 black mambas
  A merfolk siren (Lair:4)
  Maggie (D:8)
  11 spiny frogs
  11 komodo dragons
  4 rime drakes
  A merfolk (Lair:4)
  A slime creature (Lair:5)
  14 blink frogs
  6 hippogriffs
  19 yaks
  A soldier ant (D:10)
  7 porcupines
  7 water moccasins
  5 orc warriors
  2 phantoms
  5 ice beasts
  2 sky beasts (D:10)
  7 small abominations (D:10)
  2 ogres
  6 wolves
  6 centaurs
  6 crocodiles
  A big kobold (D:8)
  11 bullfrogs
  4 scorpions
  9 killer bees
  8 wights
  An electric eel (Lair:2)
  A howler monkey (D:10)
  7 crimson imps
  4 jellies
  6 orc priests
  2 centaur skeletons
  2 hounds
  18 orc wizards
  9 worker ants
  An iguana (D:9)
  Terence (D:3)
  A hound zombie (D:9)
  A hound skeleton (D:4)
  A howler monkey zombie (D:10)
  Robin (D:4)
  13 adders
  3 gnolls (D:4)
  A howler monkey skeleton (D:5)
  A shadow imp (D:10)
  An ooze (D:2)
  3 adder skeletons
  3 worms
  3 dart slugs
  4 leopard geckos
  35 orcs
  6 giant cockroaches
  24 goblins
  10 hobgoblins
  24 jackals
  7 quokkas
  2 ball pythons
  6 bats
  5 frilled lizards
  8 kobolds
  A leopard gecko skeleton (D:5)
  9 rats
  A fungus (Lair:4)
410 creatures vanquished.

Vanquished Creatures (collateral kills)
  An orc (D:4)
  A hobgoblin (D:2)
  A goblin (D:1)
  A plant (Lair:4)
4 creatures vanquished.

Vanquished Creatures (others)
  1477 foxfires
  6 fungi
  6 plants
  9 toadstools (Lair:3)
1498 creatures vanquished.

Grand Total: 1912 creatures vanquished

Notes
Turn   | Place    | Note
-------+----------+-------------------------------------------
     0 | D:1      | Gwenloh the Mummy Fire Elementalist began the quest for the
                  | Orb.
     0 | D:1      | Reached XP level 1. HP: 13/13 MP: 4/4
   114 | D:1      | Reached skill level 1 in Conjurations
   245 | D:1      | Reached XP level 2. HP: 19/19 MP: 3/5
   829 | D:1      | Reached XP level 3. HP: 25/25 MP: 3/7
   865 | D:1      | Learned a level 3 spell: Conjure Flame
  1645 | D:2      | Found a bloodstained altar of Trog.
  1928 | D:2      | Learned a level 3 spell: Inner Flame
  2118 | D:2      | Reached XP level 4. HP: 31/31 MP: 3/8
  2750 | D:3      | Reached skill level 1 in Fighting
  3037 | D:3      | Noticed Terence
  3376 | D:3      | Found a radiant altar of Vehumet.
  3379 | D:3      | Became a worshipper of Vehumet
  3693 | D:3      | Killed Terence
  3693 | D:3      | Reached XP level 5. HP: 32/37 MP: 1/10
  3951 | D:4      | Found a staircase to the Ecumenical Temple.
  4196 | D:3      | Reached XP level 6. HP: 4/44 MP: 0/11
  4965 | D:4      | Reached * piety under Vehumet
  4965 | D:4      | Offered knowledge of Magic Dart by Vehumet.
  5036 | D:4      | Learned a level 4 spell: Sticky Flame
  5382 | D:4      | Noticed Robin
  5394 | D:4      | Killed Robin
  5714 | D:5      | Entered Level 5 of the Dungeon
  5722 | D:5      | Reached XP level 7. HP: 48/50 MP: 6/13
  5907 | D:4      | Learned a level 1 spell: Magic Dart
  6098 | D:5      | Reached ** piety under Vehumet
  6230 | D:5      | Offered knowledge of Shock by Vehumet.
  6419 | D:4      | Upgraded the game from 0.26-a0-50-gc4d14cd842 to
                  | 0.26-a0-52-gd53d4cd058
  6574 | D:5      | Reached skill level 5 in Spellcasting
  6574 | D:5      | Reached XP level 8. HP: 58/58 MP: 10/15
  6804 | D:5      | Found Acvaco's Book Boutique.
  6993 | D:5      | Found a shimmering blue altar of Sif Muna.
  7300 | D:5      | Found an iron altar of Okawaru.
  7390 | D:6      | Found an ancient bone altar of Kikubaaqudgha.
  7423 | D:6      | Reached skill level 5 in Fire Magic
  7553 | D:6      | Got a warped trident
  7554 | D:6      | Identified the +9 trident of the Solstice {freeze, rElec
                  | rF+ MP+9 Stlth+} (You found it on level 6 of the Dungeon)
  7741 | D:6      | Found a white marble altar of Elyvilon.
  7801 | D:6      | Offered knowledge of Mephitic Cloud by Vehumet.
  7806 | D:6      | Learned a level 3 spell: Mephitic Cloud
  7960 | D:6      | Found a shimmering altar of Xom.
  8384 | D:7      | Reached skill level 5 in Conjurations
  8494 | D:7      | Reached skill level 1 in Evocations
  8601 | D:7      | Found a hazy altar of Hepliaklqana.
  8625 | D:7      | Reached XP level 9. HP: 53/65 MP: 17/17
  8633 | D:7      | Reached *** piety under Vehumet
  8882 | D:7      | Found a glowing silver altar of Zin.
  8883 | D:7      | Found an opulent altar of Gozag.
  9484 | D:8      | Noticed Maggie
  9526 | D:8      | Killed Maggie
  9772 | D:8      | Found a basalt altar of Yredelemnul.
  9951 | D:8      | Found an ornate altar of the Wu Jian Council.
  9951 | D:8      | Found a stormy altar of Qazlal.
 10222 | D:9      | Offered knowledge of Airstrike by Vehumet.
 10383 | D:9      | Found Qokeenod's Distillery.
 10405 | D:9      | Reached skill level 5 in Fighting
 10434 | D:9      | Reached XP level 10. HP: 58/74 MP: 14/20
 10570 | D:9      | Reached **** piety under Vehumet
 10613 | D:9      | Found a staircase to the Orcish Mines.
 10912 | D:9      | Upgraded the game from 0.26-a0-52-gd53d4cd058 to
                  | 0.26-a0-54-g15ccc7ae60
 10948 | D:9      | Offered knowledge of Static Discharge by Vehumet.
 11393 | D:10     | Entered Level 10 of the Dungeon
 11487 | D:10     | Noticed a two-headed ogre
 11494 | D:10     | Killed a two-headed ogre
 11656 | D:10     | Noticed a wizard
 11664 | D:10     | Killed a wizard
 11723 | D:10     | Reached skill level 5 in Dodging
 11825 | D:10     | Learned a level 5 spell: Fireball
 12156 | D:9      | Reached skill level 1 in Armour
 12447 | D:10     | Reached ***** piety under Vehumet
 12447 | D:10     | Offered knowledge of Starburst by Vehumet.
 12527 | D:10     | Found a hide-covered altar of Uskayaw.
 12707 | D:10     | Found a staircase to the Lair.
 12734 | D:10     | Reached XP level 11. HP: 60/81 MP: 8/22
 12858 | D:10     | Noticed a wizard
 12866 | D:10     | Killed a wizard
 12917 | D:10     | Noticed a large abomination
 13306 | D:10     | Noticed a large abomination
 13354 | D:9      | Killed a large abomination
 13580 | D:10     | Got a dazzling leather armour
 13594 | D:10     | Identified the +3 leather armour of the Miller {Slay+2}
                  | (You found it on level 10 of the Dungeon)
 13661 | Lair:1   | Entered Level 1 of the Lair of Beasts
 13744 | Lair:1   | Learned a level 6 spell: Starburst
 14074 | Lair:1   | Noticed Harold
 14088 | Lair:1   | Killed Harold
 15102 | Lair:2   | Reached XP level 12. HP: 89/89 MP: 13/24
 15624 | Lair:2   | Reached skill level 5 in Evocations
 15820 | Lair:2   | Noticed a four-headed hydra
 15829 | Lair:2   | Killed a four-headed hydra
 16691 | Lair:3   | Noticed a five-headed hydra
 16700 | Lair:3   | Killed a five-headed hydra
 16949 | Lair:3   | Noticed a death yak
 16967 | Lair:3   | Killed a death yak
 17093 | Lair:3   | Noticed a dire elephant
 17093 | Lair:3   | Noticed a dire elephant
 17115 | Lair:3   | Found a runed translucent door.
 17791 | Lair:4   | Found a staircase to the Snake Pit.
 18083 | Lair:4   | Noticed a seven-headed hydra
 18101 | Lair:4   | Upgraded the game from 0.26-a0-54-g15ccc7ae60 to
                  | 0.26-a0-58-g79b31b8662
 18249 | Lair:4   | Killed a seven-headed hydra
 18249 | Lair:4   | Reached skill level 10 in Fire Magic
 18249 | Lair:4   | Gained mutation: You are in touch with the powers of death.
                  | [Mummy growth]
 18249 | Lair:4   | Reached XP level 13. HP: 97/98 MP: 26/26
 18432 | Lair:4   | Reached skill level 10 in Spellcasting
 18446 | Lair:4   | Found a staircase to the Shoals.
 19138 | Lair:5   | You fall into a shaft and drop 1 floor!
 19138 | Lair:6   | Entered Level 6 of the Lair of Beasts
 19182 | Lair:5   | Reached skill level 10 in Conjurations
 19368 | Lair:5   | Found a staircase to the Slime Pits.
 19485 | Lair:5   | Offered knowledge of Hailstorm by Vehumet.
 20052 | Lair:6   | HP: 1/98 [spiny frog (16)]
 20052 | Lair:6   | Killed from afar by a rime drake

Illustrated notes

Levels and vault maps discovered:
D:1:      tarquinn_simple_flora_water_a, layout_basic
D:2:      layout_basic, bloody_trog
D:3:      minmay_evil_eye, layout_loops_ring, lemuel_doored_altar, first_ration,
          uniq_terence
D:4:      kennysheep_goblin_castle, layout_cave_pools, minmay_temple_entry_tees
D:5:      layout_rooms, lemuel_round_altar, lemuel_blue_sif_altar, serial_shops,
          nicolae_shop_stone, serial_curves, eino_curves_04, eino_curves_03,
          eino_curves_03, eino_curves_02, hangedman_decor_push
D:6:      layout_loops_corners, kennysheep_little_box, xom_butterflies,
          old_standard_altar
D:7:      layout_basic, grunt_temple_overflow_gold_and_silver,
          overflow_temple_1_default, serial_corexii_hall,
          chequers_hall_statues_y, corexii_hall_statues_l,
          corexii_hall_statues_i
D:8:      layout_basic, yredelemnul_altar_generic,
          gammafunk_temple_overflow_pools, blue_anna_alchemist
          [blue_anna_fruit_fields, blue_anna_fruit_fields], uniq_maggie
D:9:      layout_irregular_city, erik_orc_3, serial_shops, shop,
          grunt_ministairs_2
D:10:     cheibrodos_wizards_tower, layout_cave_pools, david_lair_shrubbed,
          basic_altar, chequers_mini_garden, laboratory
Lair:1:   layout_hall_layers, nicolae_lair_grove_arrangements,
          serial_bayou_pond_e, infiniplex_staircase_pool, uniq_harold
Lair:2:   layout_big_grid, beast_lair_carwin_1, serial_bayou_shore_a,
          infiniplex_staircase_pool_2, serial_bayou_shore_b,
          serial_bayou_shore_b
Lair:3:   gammafunk_lair_enchanted_lake, layout_hall_layers
Lair:4:   layout_roguey, elwin_shoals_entry_rooms, dummy_snake_entry,
          cheibrodos_lair_reptile_den, grunt_megastairs_5
Lair:5:   layout_small_grid, minmay_slime_entry_pillars, gauntlet_entry_generic
Lair:6:   hangedman_lair_caniforms_friends, layout_long_grid, wormcave,
          grunt_forest_stairs_basic, chequers_serial_rivers_micro_d

Skill      XL: |  1  2  3  4  5  6  7  8  9 10 11 12 13 |
---------------+----------------------------------------+-----
Conjurations   | 1 2 3 4 5 6 7 8 9 10 | 10.1
Spellcasting   | 3 4 5 6 7 8 9 10 | 10.3
Dodging        | 2 3 4 5 |  5.0
Fire Magic     | 3 4 5 6 7 8 10 | 10.3
Fighting       | 1 2 3 4 5 6 7 8 |  8.3
Evocations     | 1 2 3 4 5 6 |  6.0
Armour         | 1 3 4 |  4.8
Stealth        | |  1.5

Action                   |  1- 3 |  4- 6 |  7- 9 | 10-12 | 13-15 || total
-------------------------+-------+-------+-------+-------+-------++-------
Melee: Whip              |    12 |    48 |       |       |       ||    60
       Trident           |       |     4 |    97 |    31 |       ||   132
       Dagger            |       |       |    62 |       |       ||    62
       Staff             |       |       |       |    68 |    43 ||   111
Throw: Throwing net      |       |       |     4 |     1 |       ||     5
 Cast: Foxfire           |    70 |   162 |   206 |   372 |   116 ||   926
       Conjure Flame     |     4 |     2 |     5 |     2 |       ||    13
       Inner Flame       |       |     3 |     6 |    23 |       ||    32
       Sticky Flame      |       |     1 |     2 |    60 |    15 ||    78
       Magic Dart        |       |       |    62 |     7 |       ||    69
       Mephitic Cloud    |       |       |     8 |     4 |     1 ||    13
       Fireball          |       |       |       |    14 |     1 ||    15
       Starburst         |       |       |       |     3 |     1 ||     4
Evoke: Wand              |       |       |       |     1 |       ||     1
  Use: Scroll            |       |       |     8 |    10 |     3 ||    21
 Stab: Sleeping          |       |     1 |     1 |       |       ||     2
       Confused          |       |       |     3 |       |       ||     3
       Petrified         |       |       |       |       |     4 ||     4
Armor: Robe              |     7 |    28 |    43 |     1 |       ||    79
       Acid dragon scale |       |       |       |    22 |       ||    22
       Leather armour    |       |       |       |    24 |    19 ||    43
Dodge: Dodged            |    30 |    66 |    92 |   109 |    25 ||   322
Block: Buckler           |       |       |    10 |    46 |     8 ||    64

Table legend:
 A = Non-vault XP
 B = Vault XP
 C = Vault XP percentage of total XP
 D = Non-vault monster count
 E = Vault monster count
 F = Vault count percentage of total count
                 A         B        C        D         E       F
            +---------+---------+-------+---------+---------+-------
      Total |   36519 |   11340 |  23.7 |     333 |      79 |  19.2
            +---------+---------+-------+---------+---------+-------
        D:1 |      51 |       0 |   0.0 |      31 |       0 |   0.0
        D:2 |      60 |       0 |   0.0 |      19 |       0 |   0.0
        D:3 |     152 |      37 |  19.6 |      26 |       5 |  16.1
        D:4 |     369 |      51 |  12.1 |      21 |      20 |  48.8
        D:5 |     928 |       0 |   0.0 |      26 |       0 |   0.0
        D:6 |     609 |       0 |   0.0 |      12 |       0 |   0.0
        D:7 |    1355 |       0 |   0.0 |      25 |       0 |   0.0
        D:8 |     580 |     534 |  47.9 |      12 |       2 |  14.3
        D:9 |    1661 |    1176 |  41.5 |      27 |      21 |  43.8
       D:10 |    2949 |    3596 |  54.9 |      34 |      13 |  27.7
     Lair:1 |    3599 |     970 |  21.2 |      18 |       1 |   5.3
     Lair:2 |    8005 |    1842 |  18.7 |      31 |       7 |  18.4
     Lair:3 |    4087 |    1623 |  28.4 |      14 |       3 |  17.6
     Lair:4 |    3990 |    1116 |  21.9 |      10 |       3 |  23.1
     Lair:5 |    8124 |     395 |   4.6 |      27 |       4 |  12.9
            +---------+---------+-------+---------+---------+-------
